 Dungeon Crawl Stone Soup version 0.30.1-11-g7821555f0a (webtiles) character file.

Game seed: 16460745148930680700

63 Thanes the Slasher (level 3, -1/33 HPs)
             Began as a Minotaur Berserker on Nov 25, 2023.
             Was a Believer of Trog.
             Slain by an endoplasm (2 damage)
             ... on level 3 of the Dungeon on Nov 28, 2023.
             The game lasted 00:11:37 (1198 turns).

Thanes the Slasher (Minotaur Berserker)             Turns: 1198, Time: 00:11:38

Health: -1/33      AC:  9    Str: 23    XL:     3   Next: 89%
Magic:  2/2        EV: 11    Int:  4    God:    Trog [**....]
Gold:   76         SH:  0    Dex:  9    Spells: 2/2 levels left

rFire   . . .        h - +2 quarterstaff (spect)
rCold   . . .        (shield currently unavailable)
rNeg    . . .        f - +0 ring mail
rPois   .            (helmet restricted)
rElec   .            o - +0 cloak
rCorr   .            (no gloves)
SInv    .            u - +2 pair of boots
Will    .....        (no amulet)
Stlth   +            (no ring)
HPRegen 0.25/turn    (no ring)
MPRegen 0.08/turn

%: no passive effects
@: hasted, very quick
A: horns 2, retaliatory headbutt
a: Renounce Religion, Berserk, Trog's Hand


You were on level 3 of the Dungeon.
You worshipped Trog.
Trog was pleased with you.
You visited 1 branch of the dungeon, and saw 3 of its levels.

You collected 76 gold pieces.

Inventory:

Hand Weapons
 a - a +0 falchion
 h - a +2 spectral quarterstaff (weapon)
Missiles
 e - 5 datura-tipped darts (quivered)
 j - 2 throwing nets
Armour
 b - a +0 animal skin
 f - a +0 ring mail (worn)
 o - a +0 cloak (worn)
 s - an orb of energy
 u - a +2 pair of boots (worn)
Magical Staves
 i - a staff of fire
Scrolls
 c - 2 scrolls of magic mapping {unknown}
 d - a scroll of fear {unknown}
 p - a scroll of identify {unknown}
 r - a scroll of enchant armour {unknown}
Potions
 g - 2 potions of mutation {unknown}
 k - a potion of might {unknown}
 l - a potion of berserk rage {unknown}
 m - 2 potions of attraction {unknown}
 n - a potion of haste
 q - a potion of ambrosia {unknown}
 t - a potion of curing {unknown}


   Skills:
 + Level 4.0 Fighting
 + Level 4.5 Long Blades
 + Level 1.5 Staves
 + Level 2.9 Armour
 + Level 2.4 Dodging
 + Level 0.8 Stealth


You had 2 spell levels left.
You didn't know any spells.
Your spell library was empty.

Dungeon Overview and Level Annotations

Branches:
Dungeon (3/15)

Altars:
Ashenzari

Shops:
D:1 [

Annotations:
D:3 Grinder


Innate Abilities, Weirdness & Mutations

You have a pair of horns on your head.
You reflexively headbutt those who attack you in melee.


Message History

Grinder hits you. The rat bites you but does no damage.
You see here 8 gold pieces.
The endoplasm quivers.
You hit Grinder.
Grinder is moderately wounded.
Your +2 spectral quarterstaff hits Grinder.
The adder barely misses you. The endoplasm freezes you.
You are frozen.
Grinder hits you!
* * * LOW HITPOINT WARNING * * *
The rat barely misses you. The adder barely misses you.
You furiously retaliate!
You headbutt the adder, but do no damage.
You fail to use your ability.
Your +2 spectral quarterstaff disappears.
The endoplasm barely misses you. You furiously retaliate!
You headbutt the endoplasm. Grinder closely misses you.
The rat closely misses you. The adder barely misses you.
The endoplasm freezes you.
You are frozen.
* * * LOW HITPOINT WARNING * * *
Grinder blinks!
The rat barely misses you.
You hit the adder. You headbutt the adder.
The adder is heavily wounded.
Your +2 spectral quarterstaff hits the adder.
The adder closely misses you. The endoplasm freezes you.
You are frozen.
* * * LOW HITPOINT WARNING * * *
The rat misses you. Grinder gestures at you.
You suddenly lose the ability to move!
The adder bites you.
* * * LOW HITPOINT WARNING * * *
Your +2 spectral quarterstaff disappears.
The endoplasm hits you but does no damage.
The rat bites you but does no damage. The adder bites you but does no damage.
You can move again.
It was a potion of haste.
You feel yourself speed up. The adder barely misses you.
The endoplasm hits you.
You die...

..( ... ....
..... ########
....###........
.......$..##.#
#.........#
..###.rSJ....##
#.......@J.......
#...##........###
... ##.....### .
5......#
#.......#
#$........
##.....####
##...##


You could see Grinder, an adder, 2 endoplasms and a rat.

Vanquished Creatures
  2 adders (D:2)
  2 worms (D:2)
  A ball python (D:1)
  5 bats
  2 endoplasms
  9 goblins
  3 hobgoblins
  6 jackals (D:2)
  2 kobolds
  2 frilled lizards
  A rat (D:2)
35 creatures vanquished.

Notes
Turn   | Place    | Note
-------+----------+-------------------------------------------
     0 | D:1      | Thanes the Minotaur Berserker began the quest for the Orb.
     0 | D:1      | Reached XP level 1. HP: 19/19 MP: 0/0
    60 | D:1      | Found Wifomp's Armour Emporium.
    84 | D:1      | Found a faded altar of an unknown god.
   257 | D:1      | Reached XP level 2. HP: 23/26 MP: 1/1
   694 | D:2      | Found a broken altar of Ashenzari.
   715 | D:2      | Reached XP level 3. HP: 33/33 MP: 2/2
   823 | D:2      | Reached skill level 1 in Staves
   860 | D:2      | Reached ** piety under Trog
  1188 | D:3      | Noticed Grinder
  1196 | D:3      | Paralysed by Grinder for 2 turns
  1196 | D:3      | HP: 1/33 [adder (2)]
  1198 | D:3      | Slain by an endoplasm

Illustrated notes

Levels and vault maps discovered:
D:1:      dpeg_arrival_ternary, layout_loops_ring,
          chequers_ecumenical_altar_simple_redux, serial_shops, shop
D:2:      layout_basic, basic_altar, minmay_misc_feat_columns
D:3:      layout_rooms, uniq_ijyb, uniq_grinder, uniq_robin, uniq_natasha

Skill      XL: |  1  2  3 |
---------------+----------+-----
Long Blades    | 4 |  4.5
Staves         | 1 |  1.5
Fighting       | 4 |  4.0
Armour         | |  2.9
Dodging        | |  2.4
Stealth        | |  0.8

Action                     || total
---------------------------++-------
  Melee: Falchion          ||     7
         Quarterstaff      ||    39
         Headbutt          ||     4
 Invoke: Berserk           ||     1
    Use: Potion            ||     1
   Stab: Sleeping          ||     1
 Armour: Animal skin       ||     2
         Ring mail         ||    22
  Dodge: Dodged            ||    41
